 Dungeon Crawl Stone Soup version 0.31-a0-995-g04711c9635 (webtiles) character file.

Game seed: 17007377244858272979

222 Dirtsage the Chopper (level 5, -7/41 HPs)
             Began as a Demonspawn Berserker on Nov 6, 2023.
             Was a Believer of Trog.
             Splashed by a jelly's acid (9 damage)
             ... on level 4 of the Dungeon.
             The game lasted 00:04:31 (2627 turns).

Dirtsage the Chopper (Demonspawn Berserker)         Turns: 2627, Time: 00:04:31

Health: -7/41      AC: -7    Str: 19    XL:     5   Next: 66%
Magic:  5/5        EV: 11    Int:  9    God:    Trog [**....]
Gold:   199        SH:  4    Dex: 12    Spells: 4/4 levels left

rFire   . .          .
                       - Unarmed
rCold   . . .        (no shield)
rNeg    . . .        e - +0 leather armour
rPois   .            p - +0 helmet
rElec   .            (no cloak)
rCorr   .            (no gloves)
SInv    .            (no boots)
Will    .....        (no amulet)
Stlth   +            (no ring)
HPRegen 0.26/turn    (no ring)
MPRegen 0.09/turn

%: no passive effects
@: corroded
A: hooves 1, condensation shield, weakness stinger 1
a: Renounce Religion, Berserk, Trog's Hand


You were on level 4 of the Dungeon.
You worshipped Trog.
Trog was pleased with you.
You visited 1 branch of the dungeon, and saw 4 of its levels.

You collected 199 gold pieces.

Inventory:

Armour
 b - a +0 animal skin
 e - a +0 leather armour (worn)
 f - a +0 kite shield
 p - a +0 helmet (worn)
Jewellery
 h - a ring of ice
 m - an amulet of faith
 t - a ring of fire
Talismans
 n - a flux talisman
Scrolls
 a - a scroll of fog {unknown}
 c - a scroll of immolation {unknown}
 d - a scroll of amnesia {unknown}
 g - a scroll of blinking {unknown}
 k - 3 scrolls of identify {unknown}
 o - a scroll of torment {unknown}
 s - a scroll of enchant weapon {unknown}
Potions
 i - a potion of lignification {unknown}
 j - 2 potions of enlightenment {unknown}
 l - a potion of berserk rage {unknown}
 q - a potion of heal wounds {unknown}
 r - a potion of ambrosia {unknown}


   Skills:
 - Level 3.0 Fighting
 - Level 4.4 Axes
 - Level 1.7 Armour
 - Level 1.7 Dodging
 * Level 3.5 Unarmed Combat


You had 4 spell levels left.
You didn't know any spells.
Your spell library was empty.

Dungeon Overview and Level Annotations

Branches:
Dungeon (4/15)
 Temple: D:4-7

Altars:
Cheibriados
Wu Jian

Shops:
D:2 *


Innate Abilities, Weirdness & Mutations

You have large cloven feet.
A meltable shield of frost defends you. (SH +4)
You have a small tail.


Message History

No target in view!
No target in view!
No target in view!
No target in view!
No target in view!
No target in view!
No target in view!
No target in view!
No target in view!
No target in view!
Items here: ( ) †††.
A jelly comes into view.
The jelly quivers.
Health restored: 41 You see here a +0 ring mail.
The jelly hits you. The acid corrodes you!
You are splashed with acid.
You take 7 damage, and have 34/41 hp.
You hit the jelly.
Your hands burn!
You kick the jelly, but do no damage.
The jelly is lightly wounded.
The jelly barely misses you.
You hit the jelly. The acid corrodes you!
Your hands burn!
You kick the jelly, but do no damage. You punch the jelly, but do no damage.
The jelly is heavily wounded.
The jelly hits you.
You are splashed with acid!
You take 12 damage, and have 22/41 hp.
MASSIVE DAMAGE!!
You are too injured to fight recklessly!
You are too injured to fight recklessly!
You are too injured to fight recklessly!
You hit the jelly but do no damage.
Your hands burn!
The jelly is heavily wounded.
The jelly hits you. The acid corrodes you!
You are splashed with acid!
* * * LOW HITPOINT WARNING * * *
You take 13 damage, and have 9/41 hp.
MASSIVE DAMAGE!!
You hit the jelly but do no damage.
Your hands burn!
* * * LOW HITPOINT WARNING * * *
The jelly is heavily wounded.
The jelly hits you.
* * * LOW HITPOINT WARNING * * *
You are splashed with acid!
You die...

#.#.### #.#.#
#.#.# ..#.#
###.# #.# #.#
###########.#
......J@[...#
#############


You could see a jelly.

Vanquished Creatures
  A phantom (D:4)
  Jessica (D:2)
  An orc wizard (D:3)
  An adder (D:2)
  A worm (D:3)
  7 dart slugs
  5 orcs (D:3)
  7 endoplasms
  2 giant cockroaches (D:3)
  8 goblins
  8 hobgoblins
  3 jackals (D:1)
  2 quokkas
  5 ball pythons
  3 bats
  6 frilled lizards
  2 kobolds
  3 rats (D:2)
66 creatures vanquished.

Notes
Turn   | Place    | Note
-------+----------+-------------------------------------------
     0 | D:1      | Dirtsage the Demonspawn Berserker began the quest for the
                  | Orb.
     0 | D:1      | Reached XP level 1. HP: 18/18 MP: 1/1
    35 | D:1      | Reached skill level 3 in Axes
   162 | D:1      | Gained mutation: A meltable shield of frost defends you.
                  | (SH +4) [demonic ancestry]
   162 | D:1      | Reached XP level 2. HP: 24/24 MP: 2/2
   823 | D:2      | Noticed Jessica
   824 | D:2      | Found a faded altar of an unknown god.
   832 | D:2      | Reached XP level 3. HP: 26/29 MP: 3/3
   841 | D:2      | Killed Jessica
   842 | D:2      | Reached skill level 4 in Axes
   910 | D:2      | Reached ** piety under Trog
   943 | D:2      | Discovered your monstrous ancestry.
   943 | D:2      | Gained mutation: You have large cloven feet. [demonic
                  | ancestry]
   943 | D:2      | Reached XP level 4. HP: 35/35 MP: 4/4
   989 | D:2      | Found Ibaelal's General Store.
  1612 | D:3      | Reached skill level 1 in Unarmed Combat
  1938 | D:3      | Found a snail-covered altar of Cheibriados.
  2239 | D:3      | Gained mutation: You have a small tail. [demonic ancestry]
  2239 | D:3      | Reached XP level 5. HP: 41/41 MP: 5/5
  2296 | D:3      | Found an ornate altar of the Wu Jian Council.
  2455 | D:4      | Noticed a phantom
  2472 | D:4      | Killed a phantom
  2627 | D:4      | HP: 2/41 [jelly (2)]
  2627 | D:4      | Splashed by a jelly's acid

Illustrated notes

Levels and vault maps discovered:
D:1:      dpeg_chamrin_arrival_tetris, layout_loops_cross, minmay_bisected
D:2:      layout_basic, serial_shops, shop,
          shapermc_ecumenical_altar_notcrosses, hangedman_decor_points,
          uniq_jessica
D:3:      layout_loops_ring, pdpol_wu_jian_five_deadly_venoms,
          mainiacjoe_overflow_alcove_4, minmay_fractal_squares_gapless_5
D:4:      cheibrodos_greedy_goblins, layout_basic

Skill      XL: |  1  2  3  4  5 |
---------------+----------------+-----
Axes           | 3 4 |  4.4
Unarmed Combat | 2 3 |  3.5
Fighting       | |  3.0
Armour         | |  1.7
Dodging        | |  1.7

Action                     |  1- 3 |  4- 6 || total
---------------------------+-------+-------++-------
  Melee: Hand axe          |    66 |   100 ||   166
         Punch             |     2 |     2 ||     4
         Kick              |       |    35 ||    35
         Unarmed           |       |    29 ||    29
         Tailslap          |       |     2 ||     2
 Invoke: Berserk           |     1 |     1 ||     2
 Armour: Animal skin       |     7 |       ||     7
         Leather armour    |    22 |    51 ||    73
  Dodge: Dodged            |    37 |    32 ||    69
  Block: Other             |     6 |    17 ||    23

Table legend: (Time is in decaauts)
 A = Elapsed time spent in this place.
 B = Non-inter-level travel time spent in this place.
 C = Inter-level travel time spent in this place.
 D = Time resting spent in this place.
 E = Time spent auto-exploring this place.
 F = Levels seen in this place.
 G = Mean time per level.
                   A        B        C        D        E       F      G
               +--------+--------+--------+--------+--------+-----+--------+
         Total |   2659 |   2588 |     71 |     23 |   2149 |   4 |  664.8 |
       Dungeon |   2659 |   2588 |     71 |     23 |   2149 |   4 |  664.8 |
               +--------+--------+--------+--------+--------+-----+--------+

Top non-repeatable levels by time:
     D:2: 880 daAuts
     D:3: 853 daAuts
     D:1: 737 daAuts
     D:4: 188 daAuts
